 Dungeon Crawl Stone Soup version 0.23.0 (webtiles) character file.

Game seed: 14286176248366222474

3325 Gargoyl the Slasher (level 9, 0/75 HPs)
             Began as a Centaur Abyssal Knight on Feb 15, 2019.
             Was a Priest of Lugonu.
             Succumbed to a killer bee's poison
             ... on level 7 of the Dungeon.
             The game lasted 00:14:47 (9397 turns).

Gargoyl the Slasher (Centaur Abyssal Knight)        Turns: 9397, Time: 00:14:47

Health: 0/75       AC: 15    Str: 17    XL:     9   Next: 71%
Magic:  13/13      EV: 19    Int: 13    God:    Lugonu [***...]
Gold:   104        SH:  8    Dex: 12    Spells: 8/8 levels left

rFire    + . .     SeeInvis .   d - +2 scimitar (holy)
rCold    + + .     Gourm    .   m - +0 buckler
rNeg     . . .     Faith    .   e - +0 chain mail
rPois    +         Spirit   .   (no helmet)
rElec    +         Reflect  .   (no cloak)
rCorr    +         Harm     .   (no gloves)
MR       +....                  h - +2 centaur barding
Stlth    ..........             p - amulet of the acrobat
HPRegen  0.22/turn              f - ring of protection from cold
MPRegen  0.13/turn              i - +2 ring of dexterity

@: lethally poisoned (0 -> -5), resistant, acrobat, flying, studying Axes, very
quick
A: large, hooves 3, large bone plates 1, clever 1, deformed body, speed 2, magic
resistance 1, tough skin 3
a: Depart the Abyss, Bend Space, Banish, Renounce Religion


You were on level 7 of the Dungeon.
You worshipped Lugonu.
Lugonu was most pleased with you.
You were not hungry.

You visited 1 branch of the dungeon, and saw 8 of its levels.
You visited the Abyss 1 time.

You collected 344 gold pieces.
You spent 240 gold pieces at shops.

Inventory:

Hand Weapons
 a - a +1 hand axe
 d - a +2 scimitar of holy wrath (weapon)
Missiles
 t - 4 silver javelins (quivered)
Armour
 e - a +0 chain mail (worn)
 h - a +2 centaur barding (worn)
 m - a +0 buckler (worn)
Jewellery
 f - a ring of protection from cold (left hand)
 i - a +2 ring of dexterity (right hand)
 p - an amulet of the acrobat (around neck)
Scrolls
 b - a scroll of teleportation
 l - a scroll of magic mapping
 n - a scroll of remove curse
 o - a scroll of identify
Potions
 k - a potion of haste
 s - a potion of brilliance
Books
 g - a manual of Axes
Comestibles
 c - 14 rations


   Skills:
 + Level 5.7 Fighting
 + Level 6.9 Long Blades
 + Level 2.1 Axes
 * Level 5.2 Armour
 * Level 3.9 Dodging
 + Level 1.7 Shields
 * Level 6.0 Invocations


You had 8 spell levels left.
You didn't know any spells.
Your spell library contained the following spells:

 Spells                   Type           Power        Failure   Level  Hunger
 Infusion                 Chrm           #...         99%         1    ##.....
 Shroud of Golubria       Chrm/Tloc      #.........   100%        2    ###....
 Song of Slaying          Chrm           #.......     100%        2    ###....
 Regeneration             Chrm/Necr      #.........   100%        3    ####...
 Spectral Weapon          Hex/Chrm       #.......     100%        3    ####...


Dungeon Overview and Level Annotations

Branches:
Dungeon (8/15)             Temple (0/1) D:7
   Lair: D:8-11

Altars:
The Shining One

Shops:
D:4 [   D:7 *


Innate Abilities, Weirdness & Mutations

You have hooves in place of feet.
Armour fits poorly on your strangely shaped body.
You cover ground very quickly.
You have extremely tough skin. (AC +3)
You are partially covered in large bone plates. (SH +4)
Your mind is acute. (Int +2)
You are resistant to hostile enchantments. (MR+)


Message History

You feel sick.
* * * LOW HITPOINT WARNING * * *
You feel sick.
* * * LOW HITPOINT WARNING * * *
You feel sick.
* * * LOW HITPOINT WARNING * * *
You feel sick.
* * * LOW HITPOINT WARNING * * *
You feel sick.
* * * LOW HITPOINT WARNING * * *
You feel sick.
* * * LOW HITPOINT WARNING * * *
You feel sick.
* * * LOW HITPOINT WARNING * * *
You feel sick.
* * * LOW HITPOINT WARNING * * *
You feel sick.
* * * LOW HITPOINT WARNING * * *
You feel sick.
You die...

##############
#............#####
#.##########...... #@#
######.
#.###############.
#####.#.............#.
##.....#.###...#.###...
#..y.....# #.###.###..#
#..####### #.###|.....#
#..# #.#........# #..#
#..###.....รท #.y# #..#
#.(...#


There were no monsters in sight!

Vanquished Creatures
  The ghost of iano21 the Slinger, an amateur HaHu of Okawaru (D:3)
  Sigmund (D:2)
  A wraith (D:6)
  Edmund (D:6)
  An orc warrior (D:6)
  2 centaurs (D:5)
  4 ogres
  Blork the orc (D:5)
  6 bullfrogs
  4 killer bees (D:7)
  A howler monkey (D:5)
  A jelly (D:3)
  3 crimson imps (D:5)
  3 orc priests
  2 orc wizards
  A hound (D:6)
  4 bullfrog skeletons
  4 iguanas
  Natasha (twice) (D:2)
  Ijyb (D:4)
  6 worker ants
  A spectral hound (D:7)
  A hound skeleton (D:5)
  A mummy (D:7)
  4 gnolls (D:3)
  8 adders
  A shadow imp (D:7)
  4 oozes
  2 adder skeletons (D:4)
  3 worms
  A dart slug (D:1)
  4 leopard geckos
  13 orcs
  10 bats
  7 giant cockroaches
  10 goblins
  3 hobgoblins
  3 jackals (D:1)
  A quokka (D:5)
  7 frilled lizards
  6 kobolds
  2 leopard gecko skeletons
  8 rats
150 creatures vanquished.

Vanquished Creatures (others)
  The ghost of Apachew the Cleaver, a novice HOFi of Nemelex Xobeh (D:6)
1 creature vanquished.

Grand Total: 151 creatures vanquished

Notes
Turn   | Place    | Note
-------+----------+-------------------------------------------
     0 | Abyss:1  | Gargoyl the Centaur Abyssal Knight began the quest for the
                  | Orb.
     0 | Abyss:1  | Reached XP level 1. HP: 19/19 MP: 2/2
    39 | Abyss:2  | Noticed a ynoxinul
    42 | Abyss:2  | Noticed a large abomination
    46 | D:1      | Escaped the Abyss
    56 | D:1      | Reached XP level 2. HP: 12/26 MP: 1/3
    57 | D:1      | Reached * piety under Lugonu
   678 | D:1      | Reached XP level 3. HP: 31/31 MP: 4/4
  1073 | D:1      | Reached skill level 1 in Dodging
  1201 | D:2      | Noticed Natasha
  1213 | D:2      | Reached skill level 1 in Long Blades
  1215 | D:2      | Killed Natasha
  1215 | D:2      | Reached XP level 4. HP: 30/38 MP: 5/5
  1453 | D:2      | Noticed Natasha
  1461 | D:2      | Killed Natasha
  1705 | D:2      | Found a glowing golden altar of the Shining One.
  1859 | D:2      | Noticed Sigmund
  1889 | D:2      | Killed Sigmund
  1889 | D:2      | Reached XP level 5. HP: 9/46 MP: 5/7
  1889 | D:2      | Reached XP level 6. HP: 10/52 MP: 5/8
  2451 | D:3      | Reached ** piety under Lugonu
  2994 | D:3      | Found a runed translucent gate.
  2994 | D:3      | Found a runed translucent gate.
  2996 | D:3      | Found a runed translucent gate.
  2997 | D:3      | Noticed iano21's ghost (amateur HaHu)
  3017 | D:3      | Killed iano21's ghost
  3017 | D:3      | Reached XP level 7. HP: 46/58 MP: 8/10
  3682 | D:4      | Found Ilachoi's Armour Emporium.
  3927 | D:5      | Entered Level 5 of the Dungeon
  3927 | D:5      | Noticed Blork the orc
  4032 | D:5      | Killed Blork the orc
  4564 | D:4      | Reached XP level 8. HP: 62/67 MP: 11/11
  4751 | D:5      | Noticed Ijyb
  4752 | D:5      | Paralysed by Ijyb for 7 turns
  4766 | D:5      | Paralysed by Ijyb for 6 turns
  4945 | D:4      | Killed Ijyb
  5133 | D:5      | Reached skill level 1 in Shields
  5149 | D:5      | Reached *** piety under Lugonu
  5157 | D:5      | Reached skill level 5 in Long Blades
  5692 | D:6      | Noticed Edmund
  5707 | D:6      | Killed Edmund
  6032 | D:6      | Reached skill level 5 in Invocations
  6397 | D:6      | Reached XP level 9. HP: 32/73 MP: 11/13
  7168 | D:6      | Reached skill level 5 in Fighting
  7479 | D:7      | Found a transporter.
  7479 | D:7      | Noticed Apachew's ghost (novice HOFi)
  7501 | D:7      | Found a transporter.
  7760 | D:6      | Banished Apachew's ghost
  8549 | D:7      | Reached skill level 5 in Armour
  8794 | D:7      | Found a staircase to the Ecumenical Temple.
  9185 | D:7      | Found Mobelof's Assorted Antiques.
  9188 | D:7      | Bought a dented lapis lazuli amulet for 120 gold pieces
  9192 | D:7      | Bought a twisted brass amulet for 120 gold pieces
  9358 | D:8      | Noticed a troll
  9380 | D:7      | Gained mutation: Your mind is acute. (Int +2) [potion of
                  | mutation]
  9380 | D:7      | Gained mutation: You are resistant to hostile enchantments.
                  | (MR+) [potion of mutation]
  9380 | D:7      | Gained mutation: You are partially covered in large bone
                  | plates. (SH +4) [potion of mutation]
  9393 | D:7      | HP: 3/75 [poisoned by a killer bee]
  9396 | D:7      | HP: 1/75 [poisoned by a killer bee]
  9397 | D:7      | Succumbed to a killer bee's poison

Skill      XL: |  1  2  3  4  5  6  7  8  9 |
---------------+----------------------------+-----
Axes           | 2 |  2.1
Dodging        | 1 2 3 |  3.9
Long Blades    | 1 2 3 4 5 6 |  6.9
Armour         | 2 3 4 5 |  5.2
Invocations    | 3 4 5 6 |  6.0
Fighting       | 4 5 |  5.7
Shields        | 1 |  1.7

Action                   |  1- 3 |  4- 6 |  7- 9 || total
-------------------------+-------+-------+-------++-------
Melee: Scimitar          |    59 |   115 |   313 ||   487
       Kick              |    12 |    18 |    99 ||   129
Throw: Javelin           |       |       |     2 ||     2
Invok: Depart the Abyss  |     1 |       |       ||     1
       Bend Space        |       |       |     3 ||     3
       Banish            |       |       |     1 ||     1
  Use: Scroll            |     4 |     1 |    12 ||    17
       Potion            |     1 |     4 |    10 ||    15
  Eat: Chunk             |       |     2 |    13 ||    15
       Ration            |       |     1 |     2 ||     3
Armor: Leather armour    |    40 |    75 |    53 ||   168
       Scale mail        |       |       |    66 ||    66
       Chain mail        |       |       |    80 ||    80
Dodge: Dodged            |    36 |    41 |   100 ||   177
Block: Buckler           |       |    10 |    47 ||    57
       Rpst.: Scimitar   |     9 |     8 |    34 ||    51
